 Dungeon Crawl Stone Soup version 0.17-a0-1596-g1e86911 (webtiles) character file.

8162 spinkules the Severer (level 11, -9/82 HPs)
             Began as a Minotaur Berserker on July 31, 2015.
             Was a High Priest of Trog.
             Mangled by a hill giant
             ... wielding a +0 giant club
              (23 damage)
             ... on level 12 of the Dungeon.
             The game lasted 00:36:19 (9614 turns).

spinkules the Severer (Minotaur Berserker)          Turns: 9614, Time: 00:36:19

Health: -9/82      AC: 16    Str: 22    XL:     11   Next: 6%
Magic:  10/10      EV: 13    Int:  5    God:    Trog [*****.]
Gold:   305        SH:  0    Dex: 12    Spells: 0 memorised, 10 levels left

rFire  + . .     SeeInvis .     W - +4 battleaxe (flame)
rCold  x . .     Clarity  .     v - +1 plate armour
rNeg   . . .     SustAt   .     (no shield)
rPois  .         Gourm    .     (helmet restricted)
rElec  .         Spirit   .     (no cloak)
rCorr  .         Warding  .     (no gloves)
rMut   .         Stasis   .     (no boots)
MR     .....                    (no amulet)
Stlth  ..........               Z - +5 ring of evasion
                                y - ring of fire

@: exhausted, slowed, very slow, not resistant to hostile enchantments,
extremely unstealthy
A: retaliatory headbutt, horns 2
a: Burn Spellbooks, Berserk, Trog's Hand, Brothers in Arms, Renounce Religion


You were on level 12 of the Dungeon.
You worshipped Trog.
Trog was extremely pleased with you.
You were near starving.

You visited 1 branch of the dungeon, and saw 12 of its levels.

You collected 849 gold pieces.
You spent 544 gold pieces at shops.

Inventory:

Hand weapons
 a - a +0 hand axe
 J - a cursed -2 battleaxe
 W - a +4 battleaxe of flaming (weapon)
Missiles
 k - 8 javelins of returning (quivered)
 F - 14 tomahawks
Armour
 b - a +0 animal skin
 h - a +0 scale mail
 v - a +1 plate armour (worn)
 S - a +1 robe of cold resistance
Jewellery
 t - an uncursed amulet of inaccuracy
 y - a ring of fire (left hand)
 T - an uncursed ring of protection from fire
 Z - a +5 ring of evasion (right hand)
Magical devices
 o - a wand of lightning (7)
 s - a wand of confusion (48)
 E - a wand of magic darts (34)
 I - a wand of polymorph (11)
 M - a wand of flame (30)
 O - a wand of magic darts (20)
 V - a wand of magic darts (18)
Scrolls
 e - 3 scrolls of magic mapping
 i - 4 scrolls of remove curse
 l - 4 scrolls of fog
 m - 8 scrolls of identify
 p - a scroll of recharging
 r - a scroll of random uselessness {unknown}
 w - 5 scrolls of teleportation
 x - 2 scrolls of blinking
 N - a scroll of immolation {unknown}
 P - a scroll of brand weapon
 R - a scroll of enchant weapon {unknown}
 U - a scroll of enchant armour
 Y - a scroll of torment {unknown}
Potions
 g - 2 potions of flight {unknown}
 j - 4 potions of curing
 n - a potion of magic
 q - 6 potions of might
 u - a potion of cancellation {unknown}
 A - a potion of agility {unknown}
 B - 2 potions of heal wounds {unknown}
 C - 4 potions of poison {unknown}
 D - 2 potions of cure mutation {unknown}
 G - 3 potions of lignification {unknown}
 L - a potion of haste {unknown}
Books
 H - a book of Alchemy

   Spells                             Type                      Level
   a - Sublimation of Blood           Necromancy                   2
   b - Ignite Poison                  Fire/Transmutation/Poison    3
   c - Alistair's Intoxication        Transmutation/Poison         4
   d - Condensation Shield            Ice                          4
   e - Petrify                        Transmutation/Earth          4
   f - Irradiate                      Conjuration/Transmutation    5
   Trog disapproves of the use of such an item.
Comestibles
 c - 10 bread rations
 d - 6 beef jerkies
 f - 7 meat rations
 z - a royal jelly
 K - a slice of pizza
 Q - 20 fruits


   Skills:
 - Level 3.6 Fighting
 - Level 15.5 Axes
 - Level 0.4 Throwing
 + Level 12.5 Armour
 - Level 2.1 Dodging
 - Level 0.1 Stealth


You had 10 spell levels left.
You didn't know any spells.

Dungeon Overview and Level Annotations

Branches:
Dungeon (12/15)            Temple (0/1) D:7            Lair (0/8) D:11
    Orc (0/4) D:9

Altars:
Dithmenos
Makhleb
Sif Muna
Trog
Xom
Yredelemnul
Zin
The Shining One

Shops:
D:5 ?(!   D:9 ([!(%?

Annotations:
D:10 Maurice


Innate Abilities, Weirdness & Mutations

You reflexively headbutt those who attack you in melee.
You have a pair of horns on your head.


Message History

You feel sick.
You are no longer poisoned.
There is a stone staircase leading up here.
The hill giant hits you but does no damage.
You climb upwards.
There is a stone staircase leading down here.
The hill giant hits you with a giant club!!
* * * LOW HITPOINT WARNING * * *
You climb downwards.
There is a stone staircase leading up here.
You hit the hill giant. You burn the hill giant.
The hill giant is lightly wounded.
The hill giant barely misses you. You furiously retaliate!
You headbutt the hill giant, but do no damage.
The orc wizard casts a spell.
The orc wizard blinks!
You hit the hill giant. You burn the hill giant. You headbutt the hill giant.
The hill giant is moderately wounded.
The hill giant hits you with a giant club!!
You die...

. .... ###..... ......#
### #....# #.. #.#.###.#
#.......# .#
#####.#.###.#..# #
........@.o.#..##
##..#####..#C###§o...##
+................o......
##..#####.....C#.#.#.###
# #.......o...#.# #
#.##..#.#.#.#.#
.>#.##..........#.
..................#
......)....†......#


You could see a hill giant, an orc wizard and an orc.

Vanquished Creatures
  Erolcha (D:10)
  A manticore (D:11)
  A gargoyle (D:11)
  A centaur skeleton (D:12)
  2 trolls
  Grinder (D:5)
  A wyvern (D:11)
  2 hippogriffs
  A deep elf mage (D:8)
  2 hungry ghosts
  Edmund (D:5)
  2 black bears (D:7)
  6 orc warriors
  5 sky beasts
  2 phantoms (D:6)
  4 ice beasts
  9 ogres
  2 centaurs
  2 big kobolds
  A giant frog (D:8)
  14 killer bees
  4 scorpions
  6 hounds
  6 crimson imps
  A giant frog zombie (D:8)
  6 orc wizards
  5 orc priests
  Ijyb (D:2)
  2 quasits
  2 giant frog skeletons
  Jessica (D:2)
  Terence (D:3)
  7 iguanas
  2 worker ants
  2 hound skeletons (D:11)
  4 adders
  2 adder zombies
  An adder skeleton (D:7)
  3 worms
  3 giant geckos
  39 orcs
  5 bats
  11 giant cockroaches
  4 goblins
  7 hobgoblins
  5 jackals
  10 kobolds
  2 quokkas
  2 ball pythons
  6 giant newts
  A jackal skeleton (D:4)
  3 quokka skeletons
  7 rats
222 creatures vanquished.

Notes
Turn   | Place    | Note
--------------------------------------------------------------
     0 | D:1      | spinkules the Minotaur Berserker began the quest for the Orb.
     0 | D:1      | Reached XP level 1. HP: 19/19 MP: 0/0
   135 | D:1      | Reached skill level 4 in Axes
   281 | D:1      | Reached XP level 2. HP: 26/26 MP: 1/1
   719 | D:2      | Reached skill level 5 in Axes
   751 | D:2      | Noticed Jessica
   759 | D:2      | Killed Jessica
   759 | D:2      | Reached XP level 3. HP: 21/31 MP: 2/2
   807 | D:2      | Acquired Trog's second power
   911 | D:2      | Noticed Ijyb
   918 | D:2      | Killed Ijyb
   918 | D:2      | Reached skill level 6 in Axes
   918 | D:2      | Reached XP level 4. HP: 36/39 MP: 3/3
   992 | D:2      | Found a basalt altar of Yredelemnul.
  1009 | D:2      | Found a glowing golden altar of the Shining One.
  1011 | D:2      | Noticed an angel
  1084 | D:2      | Found a glowing silver altar of Zin.
  1218 | D:3      | Found a deep blue altar of Sif Muna.
  1647 | D:3      | Noticed Terence
  1658 | D:3      | Killed Terence
  1658 | D:3      | Reached skill level 7 in Axes
  1658 | D:3      | Reached XP level 5. HP: 43/45 MP: 4/4
  1810 | D:4      | Found a burning altar of Makhleb.
  1810 | D:4      | Noticed an Executioner
  1813 | D:4      | Noticed a ynoxinul
  1813 | D:4      | Noticed a hellwing
  1899 | D:4      | Noticed an ogre
  1906 | D:4      | Killed an ogre
  2018 | D:4      | Reached skill level 8 in Axes
  2018 | D:4      | Reached XP level 6. HP: 48/51 MP: 5/5
  2549 | D:5      | Entered Level 5 of the Dungeon
  2549 | D:5      | Found Cuowky's Magic Scroll Shoppe.
  2551 | D:5      | Bought a scroll of blinking for 90 gold pieces
  2551 | D:5      | Bought a scroll of teleportation for 36 gold pieces
  2585 | D:5      | Noticed Grinder
  2601 | D:5      | Killed Grinder
  2601 | D:5      | Reached skill level 9 in Axes
  2601 | D:5      | Reached XP level 7. HP: 35/57 MP: 6/6
  2666 | D:5      | Reached skill level 10 in Axes
  2833 | D:5      | Noticed Edmund
  2849 | D:5      | Killed Edmund
  2867 | D:5      | Reached skill level 11 in Axes
  2880 | D:5      | Found Kenn's Distillery.
  2891 | D:5      | Bought a potion of curing for 42 gold pieces
  2891 | D:5      | Bought a potion of might for 56 gold pieces
  3090 | D:5      | Reached XP level 8. HP: 64/64 MP: 7/7
  3127 | D:5      | Found Eturry's Weapon Emporium.
  3476 | D:5      | Found a shimmering altar of Xom.
  3742 | D:6      | Reached skill level 12 in Axes
  4162 | D:6      | Reached skill level 13 in Axes
  4420 | D:6      | Found a shadowy altar of Dithmenos.
  4637 | D:7      | Reached XP level 9. HP: 54/70 MP: 8/8
  4704 | D:7      | Found a bloodstained altar of Trog.
  4728 | D:7      | Acquired Trog's third power
  4728 | D:7      | Reached skill level 14 in Axes
  4980 | D:7      | Reached skill level 15 in Axes
  5575 | D:7      | Found a staircase to the Ecumenical Temple.
  5996 | D:8      | Reached skill level 5 in Armour
  6310 | D:8      | Reached XP level 10. HP: 70/77 MP: 9/9
  6635 | D:9      | Found Cuoxuir's Antique Armour Emporium.
  6803 | D:9      | Found Kettug Ujatz's Weapon Shoppe.
  7172 | D:9      | Found Vemmel's Magic Scroll Shoppe.
  7186 | D:9      | Bought a scroll of brand weapon for 320 gold pieces
  7245 | D:9      | Found a staircase to the Orcish Mines.
  7248 | D:9      | Found Ythrogh's Weapon Boutique.
  7332 | D:9      | Found Daraso's Food Shop.
  7382 | D:9      | Found Ysuixumn's Distillery.
  7593 | D:10     | Entered Level 10 of the Dungeon
  7747 | D:10     | Noticed Erolcha
  7761 | D:10     | Killed Erolcha
  7978 | D:10     | Noticed Maurice
  8172 | D:11     | Reached skill level 10 in Armour
  8274 | D:11     | Found a staircase to the Lair.
  8810 | D:11     | Noticed a manticore
  8833 | D:11     | Killed a manticore
  9166 | D:11     | Received a gift from Trog
  9556 | D:12     | Reached XP level 11. HP: 82/82 MP: 10/10
  9594 | D:12     | Noticed a hill giant
  9614 | D:12     | Mangled by a hill giant

Vault maps used:
D:1:      dpeg_arrival_radiant, hex_intersection, minmay_statues_item
D:2:      grunt_temple_overflow_holy_war, zin_scriptorium, first_bread,
          uniq_jessica, uniq_iyjb
D:3:      old_standard_altar, grunt_ministairs_6, kennysheep_another_room,
          st_stairs_1, uniq_terence
D:4:      lightli_sewer_entry_pipes, minmay_misc_feat_tiny,
          makhleb_altar_promises_db
D:5:      serial_shops, shop, nicolae_shop_waterfront, shop, tgw_xom,
          uniq_edmund, uniq_grinder
D:6:      grunt_dithmenos_shadows, hangedman_decor_clover_reticule
D:7:      trog_ov_bears_minmay, minmay_temple_entry_poolview
D:9:      orc_david_3, serial_shops, nicolae_shop_waterfront, shop, shop, shop,
          shop
D:10:     uniq_maurice, uniq_erolcha
D:11:     dpeg_oklobed_lair, blue_anna_alchemist
D:12:     serial_shops, shop_fountains, basic_altar, uniq_azrael

Action                   |  1- 3 |  4- 6 |  7- 9 | 10-12 || total
-------------------------+-------+-------+-------+-------++-------
Melee: Hand axe          |    61 |   105 |   404 |   231 ||   801
       Battleaxe         |       |       |       |    31 ||    31
Throw: Javelin           |       |     5 |       |       ||     5
Invok: Berserk           |       |       |     2 |     7 ||     9
       Trog's Hand       |       |       |       |     1 ||     1
  Use: Scroll            |       |     7 |       |       ||     7
       Potion            |       |       |       |     3 ||     3
  Eat: Chunk             |       |     4 |    11 |     6 ||    21
       Meat ration       |       |       |     1 |     1 ||     2
       Beef jerky        |       |       |     1 |       ||     1
       Fruit             |       |       |       |     4 ||     4
